 Dungeon Crawl Stone Soup version 0.29.1-2-gbd0b4ee654 (webtiles) character file.

Game seed: 7485968942920545069

4197 Arcadio the Covert (level 10, -2/74 (82) HPs)
             Began as a Merfolk Monk on Oct 26, 2022.
             Was a Priest of Dithmenos.
             Slain by a two-headed ogre
             ... wielding a +0 giant spiked club
              (27 damage)
             ... on level 7 of the Dungeon.
             The game lasted 00:34:11 (11330 turns).

Arcadio the Covert (Merfolk Monk)                  Turns: 11330, Time: 00:34:12

HP:   -2/74 (82)    AC:  4    Str: 14    XL:     10   Next: 29%
MP:   15/15         EV: 14    Int: 10    God:    Dithmenos [***...]
Gold: 821           SH:  5    Dex: 18    Spells: 7/9 levels left

rFire   + . .      SeeInvis .   m - +4 dagger (drain)
rCold   . . .      Faith    .   (no shield)
rNeg    . . .      Spirit   .   b - +0 robe
rPois   .          Reflect  +   (no helmet)
rElec   .          Harm     .   o - +0 cloak
rCorr   .          Rampage  .   (no gloves)
Will    .....                   s - +0 pair of boots
Stlth   ++++++....              A - amulet of reflection
HPRegen 0.22/turn               F - ring of protection from fire
MPRegen 0.14/turn               (no ring)

@: about to teleport, wreathed by umbra, studying Unarmed Combat, drained
A: (nimble swimmer 2), mertail
a: Renounce Religion, Shadow Step


You were on level 7 of the Dungeon.
You worshipped Dithmenos.
Dithmenos was most pleased with you.
You visited 2 branches of the dungeon, and saw 8 of its levels.
You also visited: Sewer.

You collected 821 gold pieces.

Inventory:

Hand Weapons
 a - a +0 spear
 k - a +0 dagger of flaming
 l - a +5 dagger
 m - a +4 dagger of draining (weapon)
 z - a +0 dagger of venom
 K - a +1 dagger of venom
Armour
 b - a +0 robe (worn)
 o - a +0 cloak (worn)
 s - a +0 pair of boots (worn)
 w - a +0 buckler
 x - a +0 kite shield
Jewellery
 A - an amulet of reflection (around neck)
 F - a ring of protection from fire (left hand)
Wands
 r - a wand of mindburst (6)
 E - a wand of flame (17)
 H - a wand of charming (19)
Scrolls
 d - 2 scrolls of fog
 e - 3 scrolls of teleportation
 g - 2 scrolls of vulnerability {unknown}
 i - 5 scrolls of amnesia
 n - a scroll of poison
 p - a scroll of torment
 t - a scroll of silence
 u - 2 scrolls of enchant armour {unknown}
 B - a scroll of acquirement {unknown}
 G - a scroll of summoning {unknown}
 I - a scroll of blinking {unknown}
Potions
 c - a potion of ambrosia
 f - a potion of attraction
 h - 3 potions of flight
 q - 4 potions of curing
 v - 3 potions of might
 C - a potion of cancellation
 D - a potion of brilliance
 J - a potion of haste
 L - a potion of resistance {unknown}
Miscellaneous
 y - a phial of floods


   Skills:
 + Level 8.9 Fighting
 + Level 8.7 Short Blades
 - Level 4.7 Polearms
 + Level 4.4 Dodging
 + Level 9.3 Stealth
 - Level 6.8 Invocations


You had 7 spell levels left.
You knew the following spells:

 Your Spells              Type           Power      Damage    Failure   Level
a - Passwall              Tmut/Erth      0%         N/A       50%         2

Your spell library contained the following spells:

 Spells                   Type           Power      Damage    Failure   Level
 Sandblast                Erth           0%         2d4       36%         1
 Conjure Flame            Conj/Fire      0%         6-21      75%         3
 Ignite Poison            Fire/Tmut/Pois 0%         N/A       75%         3
 Stone Arrow              Conj/Erth      0%         3d7       75%         3
 Anguish                  Hex/Necr       0%         N/A       98%         4
 Sticky Flame             Conj/Fire      0%         2d3       98%         4
 Enfeeble                 Hex            0%         N/A       100%        7


Dungeon Overview and Level Annotations

Branches:
Dungeon (7/15) Zot: 24200  Temple (1/1) D:4 Zot: 5956   Sewer (visited)

Altars:
Ashenzari
Cheibriados
Dithmenos
Elyvilon
Hepliaklqana
Kikubaaqudgha
Makhleb
Nemelex Xobeh
Qazlal
Ru
Vehumet
Wu Jian
Xom
Yredelemnul
The Shining One

Annotations:
D:4 3 runed translucent doors, llamall's ghost, amateur SpBe


Innate Abilities, Weirdness & Mutations

((You are very nimble when in or above water. (Stealth+, EV+, Speed+++)))
Your lower body shifts to a powerful aquatic tail in water.


Message History

The wight closely misses you.
You closely miss the wight.
The wight is heavily damaged.
You hit the wight but do no damage.
The wight is heavily damaged.
The wight hits you with a +1 short sword of protection!
Something hits you. The orc wizard closely misses you.
The wight hits you with a +0 mace!
You hit the wight.
The wight is heavily damaged.
The wight attacks as you move away! The wight closely misses you.
You hear some strange, mumbled words.
You are confused.
The orc wizard mumbles some strange words.
The orc wizard flickers and vanishes!
The wight attacks as you move away! The wight closely misses you.
Something hits you but does no damage.
You miss something.
You hear some strange, mumbled words.
A puff of flame appears from out of thin air!
The puff of flame hits you but does no damage.
The wight completely misses you.
You are too confused!
A jelly comes into view.
You bump into the rock wall.
The wight hits you with a +1 short sword of protection!
You feel drained. The wight completely misses you. Something hits you.
Something barely misses you. Something hits you.
You feel less confused. The wight closely misses you.
You block the wight's attack.
As you read the scroll of teleportation, it crumbles to dust.
You feel strangely unstable. The wight misses you. The wight barely misses you.
A magic dart appears from out of thin air!
The magic dart hits you!
You closely miss something.
The wight hits you with a +1 short sword of protection.
You feel drained. Something hits you but does no damage. The wight misses you.
The two-headed ogre hits you with a +0 giant spiked club!!
You die...

***,,,,,,.......#..##..##........
*,,,,,,,,..!.....#..#.##...))....
*,,,,,,,,.........#......).......
**,,,,,,,.........#.....#<)......
****,,,*......##.#....####......
*,,,,.........)†.....#.......
**,,,,..##.#.....##...........
*,,,,,...###..O.###...........
***,,,.......@z.##............
*,,,,*#....##.z...............
***,,*##...*#....)...##.......
**** ###,*##.......##...#...
*#...........#...#...
#....##..............
##..!*..........,,,,,
#..##..........,*,*,
###*#####......,*,*,


You could see a two-headed ogre and 2 wights.

Vanquished Creatures
  Pikel (D:4)
  4 yaks
  A wyvern (D:6)
  Eustachio (D:4)
  A water moccasin (D:6)
  2 black bears
  Pargi (Sewer)
  2 ice beasts
  4 centaurs
  2 ogres
  4 lemures
  A kobold brigand (D:6)
  4 necrophages
  2 bullfrogs (D:6)
  A gnoll sergeant (D:5)
  3 scorpions (D:6)
  2 wights (D:6)
  A killer bee (D:6)
  4 howler monkeys
  5 hounds
  A gnoll bouda (D:5)
  3 orc priests
  Jessica (D:2)
  4 iguanas
  Natasha (twice) (D:3)
  8 orc wizards
  10 adders
  2 shadow imps
  A white imp (D:6)
  2 ufetubi
  3 worms
  2 dart slugs
  22 orcs
  6 endoplasms
  6 giant cockroaches
  15 goblins
  8 hobgoblins
  10 jackals
  12 kobolds
  10 quokkas
  13 ball pythons
  8 bats
  A frilled lizard (D:1)
  7 rats
203 creatures vanquished.

Notes
Turn   | Place    | Note
-------+----------+-------------------------------------------
     0 | D:1      | Arcadio the Merfolk Monk began the quest for the Orb.
     0 | D:1      | Reached XP level 1. HP: 18/18 MP: 1/1
    35 | D:1      | Found a faded altar of an unknown god.
    39 | D:1      | Prayed at the altar of an unknown god.
    39 | D:1      | Became a worshipper of Dithmenos the Shadowed
    39 | D:1      | Reached * piety under Dithmenos
    39 | D:1      | Reached ** piety under Dithmenos
   282 | D:1      | Reached *** piety under Dithmenos
   284 | D:1      | Reached XP level 2. HP: 24/24 MP: 2/2
   837 | D:1      | Reached XP level 3. HP: 30/30 MP: 3/3
  1031 | D:1      | Learned a level 2 spell: Passwall
  1092 | D:1      | Reached skill level 3 in Stealth
  1437 | D:2      | Reached XP level 4. HP: 20/37 MP: 4/4
  1652 | D:2      | Reached skill level 1 in Short Blades
  2163 | D:2      | Found an ornate altar of the Wu Jian Council.
  2201 | D:2      | Noticed Jessica
  2210 | D:2      | Killed Jessica
  2211 | D:2      | Reached skill level 1 in Invocations
  2391 | D:3      | Found a glowing drain.
  2393 | D:3      | Reached XP level 5. HP: 42/42 MP: 5/5
  2393 | D:3      | Reached **** piety under Dithmenos
  2413 | Sewer    | Entered a sewer
  2560 | Sewer    | Noticed Pargi
  2581 | Sewer    | Killed Pargi
  2582 | Sewer    | Reached skill level 4 in Stealth
  2903 | D:3      | Reached XP level 6. HP: 49/49 MP: 7/7
  3172 | D:3      | Noticed Natasha
  3202 | D:3      | Killed Natasha
  3245 | D:3      | Found a hazy altar of Hepliaklqana.
  3283 | D:3      | Noticed Natasha
  3295 | D:3      | Killed Natasha
  3744 | D:3      | Reached skill level 5 in Fighting
  3986 | D:4      | Noticed Pikel
  4093 | D:4      | Found a runed translucent gate.
  4093 | D:4      | Found a runed translucent gate.
  4095 | D:4      | Noticed llamall's ghost (amateur SpBe)
  4097 | D:4      | Found a runed translucent gate.
  4138 | D:4      | Noticed Eustachio
  4143 | D:4      | Killed Eustachio
  4144 | D:4      | Reached skill level 5 in Stealth
  4144 | D:4      | Reached XP level 7. HP: 56/56 MP: 9/9
  5815 | D:4      | Found a staircase to the Ecumenical Temple.
  5824 | Temple   | Entered the Ecumenical Temple
  5824 | Temple   | Found a transporter.
  5824 | Temple   | Found a transporter.
  5826 | Temple   | Found a transporter.
  5826 | Temple   | Found a transporter.
  5893 | D:4      | Killed Pikel
  5894 | D:4      | Reached skill level 5 in Short Blades
  5894 | D:4      | Reached skill level 6 in Stealth
  5894 | D:4      | Reached XP level 8. HP: 19/65 MP: 3/11
  6237 | D:5      | Entered Level 5 of the Dungeon
  6500 | D:5      | Noticed a yak
  6510 | D:5      | Noticed a yak
  6510 | D:5      | Noticed a yak
  6510 | D:5      | Noticed a yak
  6510 | D:5      | Noticed a yak
  6557 | D:4      | Reached skill level 5 in Invocations
  6607 | D:5      | Noticed a yak
  7246 | D:4      | Killed a yak
  7265 | D:4      | Killed a yak
  7266 | D:4      | Reached skill level 7 in Stealth
  7266 | D:4      | Reached XP level 9. HP: 37/72 MP: 11/13
  8374 | D:5      | You fall into a shaft and drop 2 floors!
  8383 | D:7      | Found a broken altar of Ashenzari.
  8817 | D:6      | Reached skill level 8 in Stealth
  9195 | D:6      | Found a shimmering altar of Xom.
  9231 | D:6      | Found an ancient bone altar of Kikubaaqudgha.
  9713 | D:6      | Reached XP level 10. HP: 81/81 MP: 15/15
  9808 | D:6      | Reached skill level 9 in Stealth
 10206 | D:6      | Found a burning altar of Makhleb.
 10899 | D:6      | HP: 3/71 [wight/+3 battleaxe (1)]
 11317 | D:7      | Noticed a two-headed ogre
 11330 | D:7      | Slain by a two-headed ogre

Illustrated notes

Levels and vault maps discovered:
D:1:      dpeg_chamrin_arrival_tetris, layout_basic, basic_ecumenical_altar
D:2:      layout_basic, basic_altar, uniq_jessica
D:3:      layout_loops_ring, nicolae_hepliaklqana_hippocampus,
          gup_sewer_entry_pipe, uniq_natasha
D:4:      layout_gridville, temple_hall, ebering_ghost_rock_garden,
          nzn_random_ring, uniq_pikel, uniq_eustachio
D:5:      layout_gridville, minmay_fractal_squares_gapless_5
D:6:      minmay_polygon_palace, layout_rooms, bloody_makhleb,
          mainiacjoe_overflow_catwalk, nicolae_kikubaaqudgha_miasma_corner,
          chequers_serial_rivers_micro_d, kennysheep_doodads
D:7:      layout_cave_pools, dancing_weapons_uskayaw,
          nicolae_ashenzari_skybound, minmay_hedge_maze
Temple:   hellmonk_temple_divided_pantheon

Skill      XL: |  1  2  3  4  5  6  7  8  9 10 |
---------------+-------------------------------+-----
Stealth        | 3 4 5 6 7 8 9 |  9.3
Fighting       | 4 5 6 7 8 |  8.9
Short Blades   | 1 2 3 5 6 7 8 |  8.7
Invocations    | 1 2 3 4 5 6 |  6.8
Polearms       | |  4.7
Dodging        | |  4.4

Action                   |  1- 3 |  4- 6 |  7- 9 | 10-12 || total
-------------------------+-------+-------+-------+-------++-------
Melee: Spear             |   112 |       |       |       ||   112
       Punch             |     2 |     1 |     7 |     3 ||    13
       Dagger            |    15 |   175 |   490 |   183 ||   863
Invok: Shadow Step       |       |     1 |     5 |     1 ||     7
  Use: Scroll            |       |     6 |    12 |     4 ||    22
       Potion            |       |     1 |     1 |     3 ||     5
 Stab: Sleeping          |     6 |    20 |     6 |       ||    32
       Distracted        |       |       |     7 |       ||     7
Armor: Robe              |    12 |    31 |    64 |    37 ||   144
Dodge: Dodged            |    87 |   136 |   260 |   104 ||   587
Block: Other             |       |       |    29 |    33 ||    62
       Reflection        |       |       |     1 |     2 ||     3
